 Dungeon Crawl Stone Soup version 0.29-a0-344-ge2f44be95a (webtiles) character file.

Game seed: 13505523681805563568

66 Dauddaud the Chopper (level 3, 0/29 (31) HPs)
             Began as a Minotaur Berserker on Apr 21, 2022.
             Was a Believer of Trog.
             Slain by Crazy Yiuf
             ... wielding a +2 quarterstaff of chaos
              (1 damage)
             ... on level 2 of the Dungeon.
             The game lasted 00:02:05 (1907 turns).

Dauddaud the Chopper (Minotaur Berserker)           Turns: 1907, Time: 00:02:07

HP:   0/29 (31)     AC:  9    Str: 23    XL:     3   Next: 96%
MP:   2/2           EV:  8    Int:  4    God:    Trog [**....]
Gold: 117           SH:  0    Dex:  9    Spells: 2/2 levels left

rFire   . . .      SeeInvis .   a - +0 hand axe
rCold   . . .      Faith    .   (no shield)
rNeg    . . .      Spirit   .   k - +0 chain mail
rPois   .          Reflect  .   (helmet restricted)
rElec   .          Harm     .   (no cloak)
rCorr   .          Rampage  .   g - +0 pair of gloves
Will    ++...                   (no boots)
Stlth   ..........              (no amulet)
HPRegen 1.09/turn               (no ring)
MPRegen 0.08/turn               (no ring)

@: lethally poisoned (0 -> -1), strong-willed, regenerating, drained
A: horns 2, retaliatory headbutt
a: Renounce Religion, Berserk, Trog's Hand


You were on level 2 of the Dungeon.
You worshipped Trog.
Trog was pleased with you.
You visited 1 branch of the dungeon, and saw 2 of its levels.

You collected 117 gold pieces.

Inventory:

Hand Weapons
 a - a +0 hand axe (weapon)
Armour
 b - a +0 animal skin
 g - a +0 pair of gloves (worn)
 h - a +0 ring mail
 k - a +0 chain mail (worn)
Jewellery
 l - an amulet of regeneration
Scrolls
 c - 4 scrolls of identify {unknown}
 d - a scroll of enchant armour {unknown}
 e - a scroll of silence {unknown}
 f - 3 scrolls of teleportation {unknown}
Potions
 i - a potion of brilliance {unknown}
 j - a potion of mutation {unknown}


   Skills:
 - Level 3.6 Fighting
 + Level 5.9 Axes
 - Level 2.4 Armour
 - Level 2.1 Dodging


You had 2 spell levels left.
You didn't know any spells.
Your spell library was empty.

Dungeon Overview and Level Annotations

Branches:
Dungeon (2/15)

Altars:
Gozag

Annotations:
D:2 Crazy Yiuf


Innate Abilities, Weirdness & Mutations

You have a pair of horns on your head.
You reflexively headbutt those who attack you in melee.


Message History

You barely miss the adder. Your headbutt misses the adder.
The adder is almost dead.
The adder barely misses you. The adder closely misses you.
You furiously retaliate!
You headbutt the adder.
You kill the adder!
Trog accepts your kill.
No target in view!
No target in view!
No target in view!
No target in view!
No target in view!
No target in view!
No target in view!
You see here a book of Hexes.
Could not explore, unopened runed door.
You open the door. You closely miss Crazy Yiuf. Crazy Yiuf barely misses you.
You completely miss Crazy Yiuf. Crazy Yiuf hits you but does no damage.
You feel drained.
You slash Crazy Yiuf!
Crazy Yiuf is heavily wounded.
Crazy Yiuf hits you with a +2 quarterstaff of chaos!
You are poisoned.
Your skin crawls.
You feel strong-willed.
You feel very sick.
Crazy Yiuf hits you with a +2 quarterstaff of chaos.
Crazy Yiuf freezes you.
You fail to use your ability.
You feel very sick.
Crazy Yiuf hits you with a +2 quarterstaff of chaos.
* * * LOW HITPOINT WARNING * * *
You resist with almost no effort.
You closely miss Crazy Yiuf.
Crazy Yiuf is heavily wounded.
You feel sick.
Crazy Yiuf hits you with a +2 quarterstaff of chaos.
* * * LOW HITPOINT WARNING * * *
You feel drained.
You die...

#...........##...# #.# ##.#####
##...............# #.# #.#
#.#.##.#.#.##...# #.# #.#
#.....########### ### ### ##....#
#..### ##:###### ### #.....#.##
###..)# #........####@g...#
#.........#..##...#
#.....#..#.### ### #....#######
### ####.# #.########
#######.################.'.......
......'....#.#...........########
....###....#.#.######.#### ....#
##.....#.# #.#


You could see Crazy Yiuf.

Vanquished Creatures
  3 adders (D:2)
  A worm (D:2)
  3 endoplasms (D:1)
  3 giant cockroaches
  2 hobgoblins (D:2)
  4 jackals (D:1)
  2 quokkas (D:1)
  2 ball pythons
  4 bats (D:1)
  5 frilled lizards
  9 rats
38 creatures vanquished.

Notes
Turn   | Place    | Note
-------+----------+-------------------------------------------
     0 | D:1      | Dauddaud the Minotaur Berserker began the quest for the
                  | Orb.
     0 | D:1      | Reached XP level 1. HP: 19/19 MP: 0/0
   175 | D:1      | Reached skill level 4 in Axes
   184 | D:1      | Reached XP level 2. HP: 20/26 MP: 1/1
   357 | D:1      | Found a faded altar of an unknown god.
   937 | D:1      | Reached skill level 5 in Axes
  1179 | D:2      | Reached XP level 3. HP: 31/31 MP: 2/2
  1203 | D:2      | Reached ** piety under Trog
  1388 | D:2      | Found a runed translucent door.
  1389 | D:2      | Noticed Crazy Yiuf
  1619 | D:2      | Found an opulent altar of Gozag.
  1907 | D:2      | HP: 1/30 [Crazy Yiuf/+2 quarterstaff of chaos (6)]
  1907 | D:2      | Slain by Crazy Yiuf

Illustrated notes

Levels and vault maps discovered:
D:1:      heliophobic_arrival_dark_side_of_the_moon, layout_loops_corners,
          chequers_ecumenical_altar_island, feat_on_display
D:2:      layout_basic, basic_altar, serial_bayou_pond_d,
          uniq_crazy_yiuf_cottage

Skill      XL: |  1  2 |
---------------+-------+-----
Axes           | 4 5 |  5.9
Fighting       | |  3.6
Armour         | |  2.4
Dodging        | |  2.1

Action                   || total
-------------------------++-------
Melee: Hand axe          ||    88
       Headbutt          ||    10
Invok: Trog's Hand       ||     1
 Stab: Sleeping          ||     1
Armor: Animal skin       ||     8
       Ring mail         ||     5
       Chain mail        ||     6
Dodge: Dodged            ||    54

Table legend: (Time is in decaauts)
 A = Elapsed time spent in this place.
 B = Non-inter-level travel time spent in this place.
 C = Inter-level travel time spent in this place.
 D = Time resting spent in this place.
 E = Time spent auto-exploring this place.
 F = Levels seen in this place.
 G = Mean time per level.
                   A        B        C        D        E       F      G
               +--------+--------+--------+--------+--------+-----+--------+
         Total |   1915 |   1871 |     44 |      0 |   1617 |   2 |  957.5 |
       Dungeon |   1915 |   1871 |     44 |      0 |   1617 |   2 |  957.5 |
               +--------+--------+--------+--------+--------+-----+--------+

Top non-repeatable levels by time:
     D:1: 1177 daAuts
     D:2: 738 daAuts
